 Dungeon Crawl Stone Soup version 0.25.0-46-gbd7b0854d2 (webtiles) character file.

Game seed: 4878423434128496502

168 protoss039 the Magician (level 5, 0/37 HPs)
             Began as a Demonspawn Fire Elementalist on July 14, 2020.
             Succumbed to an adder's poison
             ... in a sewer.
             The game lasted 00:10:02 (2954 turns).

protoss039 the Magician (DsFE)                      Turns: 2954, Time: 00:10:03

Health: 0/37       AC:  6    Str:  6    XL:     5   Next: 23%
Magic:  9/10       EV:  9    Int: 18    God:
Gold:   114        SH:  8    Dex: 13    Spells: 10/11 levels left

rFire    + . .     SeeInvis .   j - +0 short sword
rCold    + . .     Gourm    .   g - +0 buckler
rNeg     . . .     Faith    .   d - +0 ring mail
rPois    +         Spirit   .   b - +0 helmet
rElec    +         Reflect  .   (no cloak)
rCorr    +         Harm     .   (no gloves)
MR       .....                  (no boots)
Stlth    +.........             (no amulet)
HPRegen  0.12/turn              a - ring of stealth
MPRegen  0.12/turn              (no ring)

@: lethally poisoned (0 -> -2), resistant, very slow
A: hooves 2, large bone plates 1, powered by death 1, electricity resistance,
weak 1
a: no special abilities


You were in a sewer.
You were completely stuffed.

You visited 1 branch of the dungeon, and saw 3 of its levels.
You also visited: Sewer.

You collected 114 gold pieces.

Inventory:

Hand Weapons
 j - a +0 short sword (weapon)
Armour
 b - a +0 helmet (worn)
 d - a +0 ring mail (worn)
 g - a +0 buckler (worn)
Jewellery
 a - a ring of stealth (left hand)
 i - an uncursed ring of ice
Scrolls
 e - 2 scrolls of identify {unknown}
 h - a scroll of blinking {unknown}
 k - 2 scrolls of magic mapping {unknown}
 m - a scroll of fog {unknown}
Comestibles
 c - 2 rations
 f - a chunk of flesh


   Skills:
 + Level 1.1 Fighting
 + Level 0.3 Short Blades
 + Level 1.2 Armour
 - Level 2.0 Dodging
 - Level 2.0 Stealth
 * Level 1.7 Shields
 + Level 3.6 Spellcasting
 - Level 1.0 Conjurations
 - Level 3.0 Fire Magic


You had 10 spell levels left.
You knew the following spells:

 Your Spells              Type           Power        Failure   Level  Hunger
a - Foxfire               Conj/Fire      ##..         34%         1    None

Your spell library contained the following spells:

 Spells                   Type           Power        Failure   Level  Hunger
 Conjure Flame            Conj/Fire      ##......     71%         3    ###....
 Inner Flame              Hex/Fire       #.......     78%         3    ###....
 Sticky Flame             Conj/Fire      ##......     98%         4    ####...
 Fireball                 Conj/Fire      ##........   100%        5    ######.


Dungeon Overview and Level Annotations

Branches:
Dungeon (3/15)              Sewer (1/1)

Altars:


Innate Abilities, Weirdness & Mutations

You have hoof-like feet.
You are partially covered in large bone plates. (SH +4)
You regenerate a little health from kills.
You are resistant to electric shocks. (rElec)
You are weak. (Str -2)


Message History

Casting: Foxfire (safe; 34% risk of failure)
Confirm with . or Enter, or press ? or * to list all spells.
You don't know that spell.
Okay, then.
You eat one of the 5 rations.
That ration really hit the spot!
Okay, then.
Okay, then.
You eat one of the 4 rations.
That ration really hit the spot!
You eat one of the 3 rations.
That ration really hit the spot!
* * * LOW HITPOINT WARNING * * *
You feel sick.
Unknown command.
Unknown command.
You enter the shallow water.
Moving in this stuff is going to be slow.
Things that are here:
a chunk of flesh; an adder skeleton Unknown command.
f - a chunk of flesh You die...

####### #####†≈≈≈.#
#######≈≈≈≈≈##### ≈≈
##≈....≈.###≈≈≈≈.# ≈..≈#
#≈≈≈.≈.≈≈# #######
≈≈≈.####..≈....≈###≈≈≈≈.#
≈.≈≈≈##≈≈.≈####.@≈≈≈#
.≈.≈...≈≈.## #####.≈≈≈.#
..≈..≈≈≈≈## #####
∩.≈..≈.≈≈# ..≈≈≈≈≈≈.#
∩...≈≈≈.≈# .......≈≈##
####### ≈≈..≈≈.≈≈.##
#####.≈≈≈.#
≈≈..≈##..≈.####(≈≈≈.#####


There were no monsters in sight!

Vanquished Creatures
  Robin (D:2)
  A gnoll (D:2)
  A river rat (Sewer)
  5 adders
  5 oozes
  An adder skeleton (D:3)
  A worm (Sewer)
  2 leopard geckos (D:1)
  2 ball pythons (D:3)
  2 bats
  15 goblins
  8 hobgoblins
  5 jackals
  A quokka (D:2)
  4 frilled lizards
  6 kobolds
  2 rats
62 creatures vanquished.

Vanquished Creatures (others)
  110 foxfires
110 creatures vanquished.

Grand Total: 172 creatures vanquished

Notes
Turn   | Place    | Note
-------+----------+-------------------------------------------
     0 | D:1      | protoss039 the Demonspawn Fire Elementalist began the quest
                  | for the Orb.
     0 | D:1      | Reached XP level 1. HP: 13/13 MP: 3/3
   407 | D:1      | Gained mutation: You regenerate a little health from kills.
                  | [demonic ancestry]
   407 | D:1      | Reached XP level 2. HP: 10/19 MP: 3/5
  1221 | D:2      | Gained mutation: You are partially covered in large bone
                  | plates. (SH +4) [demonic ancestry]
  1221 | D:2      | Reached XP level 3. HP: 25/25 MP: 2/7
  1636 | D:2      | Noticed Robin
  1749 | D:1      | Gained mutation: You have large cloven feet. [demonic
                  | ancestry]
  1749 | D:1      | Reached XP level 4. HP: 26/31 MP: 4/8
  1784 | D:2      | Killed Robin
  1799 | D:2      | Reached skill level 1 in Shields
  2329 | D:3      | Reached skill level 1 in Fighting
  2619 | D:3      | Found a glowing drain.
  2647 | Sewer    | Entered a sewer
  2695 | Sewer    | Reached skill level 1 in Armour
  2743 | Sewer    | Gained mutation: You have hoof-like feet. [demonic
                  | ancestry]
  2743 | Sewer    | Reached XP level 5. HP: 37/37 MP: 5/10
  2947 | Sewer    | Gained mutation: You are weak. (Str -2) [potion of
                  | mutation]
  2947 | Sewer    | Gained mutation: You are resistant to electric shocks.
                  | (rElec) [potion of mutation]
  2951 | Sewer    | HP: 1/37 [poisoned by an adder]
  2954 | Sewer    | Succumbed to an adder's poison

Illustrated notes

Levels and vault maps discovered:
D:1:      mrwooster_arrival_statue_2, layout_loops_cross
D:2:      layout_rooms, minmay_misc_feat_diagonals, kennysheep_generic_room_10,
          uniq_robin
D:3:      layout_basic, portal_sewer_entry_d, first_ration,
          kennysheep_generic_room_7
Sewer:    sewer_co_tree

Skill      XL: |  1  2  3  4 |
---------------+-------------+-----
Fire Magic     | 3 |  3.0
Dodging        | 2 |  2.0
Stealth        | 2 |  2.0
Spellcasting   | 3 |  3.6
Shields        | 1 |  1.7
Fighting       | 1 |  1.1
Armour         | 1 |  1.2
Short Blades   | |  0.3
Conjurations   | |  1.0

Action                   |  1- 3 |  4- 6 || total
-------------------------+-------+-------++-------
Melee: Club              |    38 |       ||    38
       Unarmed           |     2 |       ||     2
       Short sword       |     1 |    48 ||    49
       Kick              |       |    13 ||    13
 Cast: Foxfire           |    35 |    41 ||    76
  Use: Potion            |       |     2 ||     2
 Stab: Sleeping          |     4 |       ||     4
  Eat: Chunk             |     2 |     4 ||     6
       Ration            |       |     3 ||     3
Armor: Robe              |     7 |       ||     7
       Ring mail         |     9 |    40 ||    49
Dodge: Dodged            |    54 |    54 ||   108
Block: Buckler           |    11 |    47 ||    58
